 Dungeon Crawl Stone Soup version 0.17-a0-2073-gde5cdba (console) character file.

262 Kellhus the Conjurer (level 5, -2/28 HPs)
             Began as a Deep Elf Wizard on Oct 14, 2015.
             Was an Initiate of Vehumet.
             Killed from afar by an orc wizard (8 damage)
             ... with a puff of flame
             ... on level 3 of the Dungeon.
             The game lasted 00:06:21 (2711 turns).

Kellhus the Conjurer (Deep Elf Wizard)              Turns: 2711, Time: 00:06:21

Health: -2/28      AC:  3    Str:  9    XL:     5   Next: 97%
Magic:  2/13       EV: 12    Int: 29    God:    Vehumet [......]
Gold:   201        SH:  0    Dex: 13    Spells: 4 memorised, 3 levels left

rFire  . . .     SeeInvis .     u - +0 blowgun
rCold  . . .     Clarity  .     a - +0 robe
rNeg   . . .     SustAt   .     (no shield)
rPois  .         Gourm    .     b - +0 hat
rElec  .         Spirit   .     (no cloak)
rCorr  .         Warding  .     (no gloves)
rMut   .         Stasis   .     i - +0 pair of boots
MR     .....                    (no amulet)
Stlth  +++.......               (no ring)
                                g - ring of stealth

@: mighty, brilliant, very slightly contaminated, not resistant to hostile
enchantments, fairly stealthy
A: no striking features
a: Renounce Religion


You were on level 3 of the Dungeon.
You worshipped Vehumet.
Vehumet was noncommittal.
You were hungry.

You visited 1 branch of the dungeon, and saw 3 of its levels.

You collected 201 gold pieces.

Inventory:

Hand Weapons
 u - a +0 blowgun (weapon)
 y - a +2 short sword of venom
Missiles
 v - a poisoned needle (quivered)
Armour
 a - a +0 robe (worn)
 b - a +0 hat (worn)
 i - a +0 pair of boots (worn)
Jewellery
 g - a ring of stealth (left hand)
Wands
 q - a wand of hasting (6)
Scrolls
 h - a scroll of immolation {unknown}
 j - 2 scrolls of magic mapping {unknown}
 k - a scroll of noise {unknown}
 l - a scroll of enchant armour {unknown}
 r - 2 scrolls of identify
 t - a scroll of fear {unknown}
 A - 2 scrolls of teleportation {unknown}
Potions
 n - a potion of lignification {unknown}
 o - a potion of magic {unknown}
 w - a potion of cancellation {unknown}
 C - a potion of might
Books
 c - a book of Minor Magic

   Spells                             Type                      Level
   a - Magic Dart                     Conjuration                  1
   b - Blink                          Translocation                2
   c - Call Imp                       Summoning                    2
   d - Repel Missiles                 Charms/Air                   2
   e - Slow                           Hexes                        2
   f - Conjure Flame                  Conjuration/Fire             3
   g - Mephitic Cloud                 Conjuration/Poison/Air       3
Comestibles
 d - 4 bread rations
 p - a meat ration
 B - 4 fruits


   Skills:
 - Level 2.4 Dodging
 - Level 2.4 Stealth
 - Level 4.4 Spellcasting
 + Level 6.6 Conjurations
   Level 1.1 Summonings
 - Level 1.1 Translocations


You had 3 spell levels left.
You knew the following spells:

 Your Spells              Type           Power        Failure   Level  Hunger
a - Magic Dart            Conj           ####         1%          1    None
b - Conjure Flame         Conj/Fire      #####...     1%          3    ##.....
c - Mephitic Cloud        Conj/Pois/Air  #####...     1%          3    ##.....
l - Blink                 Tloc           N/A          1%          2    None


Dungeon Overview and Level Annotations

Branches:
Dungeon (3/15)

Altars:
Dithmenos
Elyvilon
Vehumet
Xom
Beogh


Message History

You are very lightly contaminated with residual magic.
Strange energies run through your body. The orc wizard casts a spell at you.
The puff of frost misses you.
Evoke which item? (* to show all) (? for menu, Esc to quit)
Okay, then.
Drink which item? (? for menu, Esc to quit)
Okay, then.
The orc wizard points at you and mumbles some strange words.
The puff of frost hits you!
* * * LOW HITPOINT WARNING * * *
Drink which item? (? for menu, Esc to quit)
It was a potion of might.
You feel very mighty all of a sudden.
Drink which item? (? for menu, Esc to quit)
It was a potion of brilliance.
You feel clever all of a sudden.
The orc wizard points at you and mumbles some strange words.
The puff of flame hits you!
You die...

......#....##.....############..#
.)...............................
......#.(..##......#####.######..
......#....##......#####.# ##.
......#....##..........#.#######.
......#....##.##.##.##...........
......#....##.##.##.##.#######.#.
......#....##....####### #...
......#....##...@#############...
....).#.[..#####.##.#.#.#.#.8....
##...#..........o##..............
#...#......)....#...............
#...#...........#_.#.#.#.#.8....
################.##.###.###_##...
.........#.......################
........[#............##.##...<..
.........#......#.#.#.##.###.#.##


You could see an orc wizard.

Vanquished Creatures
  2 orc priests (D:3)
  2 orc wizards (D:3)
  Natasha (thrice) (D:3)
  A worker ant (D:3)
  A hound skeleton (D:3)
  An adder (D:2)
  An ooze (D:1)
  3 giant geckos
  5 orcs (D:3)
  3 giant cockroaches
  2 goblins (D:3)
  6 hobgoblins
  5 jackals
  3 quokkas
  8 bats
  3 giant newts
  6 kobolds
  7 rats
62 creatures vanquished.

Notes
Turn   | Place    | Note
--------------------------------------------------------------
     0 | D:1      | Kellhus the Deep Elf Wizard began the quest for the Orb.
     0 | D:1      | Reached XP level 1. HP: 10/10 MP: 7/7
   437 | D:1      | Reached XP level 2. HP: 15/15 MP: 7/9
  1031 | D:2      | Learned a level 2 spell: Blink
  1127 | D:2      | Found a shadowy altar of Dithmenos.
  1138 | D:2      | Reached XP level 3. HP: 19/19 MP: 5/10
  1143 | D:2      | Learned a level 3 spell: Conjure Flame
  1147 | D:2      | Learned a level 3 spell: Mephitic Cloud
  1215 | D:2      | Found a shimmering altar of Xom.
  1676 | D:3      | Reached XP level 4. HP: 24/24 MP: 9/12
  1680 | D:3      | Noticed Natasha
  1686 | D:3      | Killed Natasha
  1747 | D:3      | Noticed Natasha
  1755 | D:3      | Killed Natasha
  1845 | D:3      | Found a radiant altar of Vehumet.
  1855 | D:3      | Became a worshipper of Vehumet
  1859 | D:3      | Found a white marble altar of Elyvilon.
  1893 | D:3      | Noticed Natasha
  1896 | D:3      | Killed Natasha
  1907 | D:3      | Reached skill level 5 in Conjurations
  2228 | D:3      | Reached XP level 5. HP: 28/28 MP: 10/13
  2381 | D:3      | Reached skill level 6 in Conjurations
  2658 | D:3      | Found a roughly hewn altar of Beogh.
  2711 | D:3      | Killed from afar by an orc wizard

Vault maps used:
D:1:      erik_arrival_cave_to_civilisation, hex_large
D:2:      xom_teletrap_fun, grunt_dithmenos_smoke_and_mirrors
D:3:      minitemple, kennysheep_orc_chapel, uniq_natasha

Action                   |  1- 3 |  4- 6 || total
-------------------------+-------+-------++-------
 Fire: Blowgun           |       |    19 ||    19
 Cast: Magic Dart        |    77 |    47 ||   124
       Mephitic Cloud    |       |     8 ||     8
  Use: Scroll            |     2 |       ||     2
       Potion            |       |     2 ||     2
 Stab: Confused          |       |     2 ||     2
  Eat: Chunk             |     2 |     3 ||     5
